 Dungeon Crawl Stone Soup version 0.29-a0-841-g116ddc6ace (webtiles) character file.

Game seed: 11288911352191684421

1627 jimonade the Trooper (level 9, 0/69 HPs)
             Began as a Formicid Fighter on July 14, 2022.
             Slain by a water moccasin (2 damage)
             ... on level 6 of the Dungeon.
             The game lasted 00:17:31 (6318 turns).

jimonade the Trooper (Formicid Fighter)             Turns: 6318, Time: 00:17:33

Health: 0/69       AC: 15    Str: 24    XL:     9   Next: 17%
Magic:  15/15      EV:  7    Int: 12    God:
Gold:   315        SH:  5    Dex: 13    Spells: 16/16 levels left

rFire   . . .      SeeInvis +   R - +9 hand axe of the Ecumenical Temple {vorpal, Str+3}
rCold   . . .      Faith    .   c - +0 buckler
rNeg    . . .      Spirit   .   I - +0 plate armour
rPois   .          Reflect  .   (helmet unavailable)
rElec   .          Harm     .   k - +2 cloak
rCorr   .          Rampage  .   (no gloves)
Will    .....                   (no boots)
Stlth   ..........              O - amulet of the acrobat
HPRegen 0.21/turn               (no ring)
MPRegen 0.14/turn               (no ring)

@: no status effects
A: permanent stasis, dig shafts and tunnels, antennae 3, four strong arms
a: Dig, Shaft Self


You were on level 6 of the Dungeon.
You visited 1 branch of the dungeon, and saw 6 of its levels.
You also visited: Sewer.

You collected 315 gold pieces.

Inventory:

Hand Weapons
 a - a +0 long sword
 g - a +1 dagger of venom
 n - a +0 short sword
 C - a +3 mace
 N - a +0 hand axe of venom
 P - a +0 giant spiked club
 R - the +9 hand axe of the Ecumenical Temple (weapon) {vorpal, Str+3}
   (You took it off a kobold on level 6 of the Dungeon)

   It inflicts extra damage upon your enemies.
   Str:       It affects your strength (+3).
Missiles
 f - 77 stones
 x - 3 silver boomerangs
 y - 4 boomerangs
 L - 13 poisoned darts
Armour
 c - a +0 buckler (worn)
 h - an orb of mayhem
 k - a +2 cloak (worn)
 o - a +0 leather armour
 r - a +0 chain mail
 H - a +2 ring mail of fire resistance
 I - a +0 plate armour (worn)
Jewellery
 w - an amulet of faith
 O - an amulet of the acrobat (around neck)
Wands
 F - a wand of digging (9)
 K - a wand of charming (15)
Scrolls
 b - 2 scrolls of fog {unknown}
 e - 7 scrolls of identify
 m - a scroll of magic mapping
 p - 5 scrolls of teleportation {unknown}
 q - 2 scrolls of noise {unknown}
 t - a scroll of fear {unknown}
 v - a scroll of poison {unknown}
 z - 3 scrolls of immolation {unknown}
 A - 3 scrolls of enchant weapon {unknown}
 B - a scroll of brand weapon {unknown}
 M - a scroll of enchant armour {unknown}
 Q - a scroll of acquirement {unknown}
Potions
 d - a potion of might
 i - 3 potions of curing
 j - 3 potions of lignification {unknown}
 l - a potion of attraction {unknown}
 s - 2 potions of brilliance {unknown}
 u - 3 potions of mutation {unknown}
 D - 2 potions of resistance
 E - 2 potions of haste {unknown}
 G - a potion of heal wounds {unknown}
 J - a potion of berserk rage {unknown}


   Skills:
 * Level 6.2 Fighting
 - Level 5.3(5.6) Short Blades
 - Level 2.1(4.0) Long Blades
 + Level 5.8 Armour
 + Level 2.5 Dodging
 + Level 6.2 Shields
 * Level 4.4 Spellcasting


You had 16 spell levels left.
You didn't know any spells.
Your spell library contained the following spells:

 Spells                   Type           Power      Damage    Failure   Level
 Sandblast                Erth           4%         2d4       98%         1
 Passwall                 Tmut/Erth      1%         N/A       99%         2
 Stone Arrow              Conj/Erth      4%         3d7       100%        3


Dungeon Overview and Level Annotations

Branches:
Dungeon (6/15)             Temple (0/1) D:6           Sewer (visited)

Altars:
Ru

Portals:
Ossuary: D:6


Innate Abilities, Weirdness & Mutations

You cannot be hasted, slowed, berserked, paralysed or teleported.
You can dig through walls and to a lower floor.
You have a pair of large antennae on your head. (SInv)
Your four strong arms can wield two-handed weapons with a shield.


Message History

You feel stronger.
R - the +9 hand axe of the Ecumenical Temple (weapon)
{vorpal, Str+3} You swing at nothing.
Found a sand-covered staircase.
An orc wizard comes into view. It is wielding a +0 dagger.
Found a stone staircase leading up.
The orc wizard gestures wildly while chanting.
The orc wizard flickers and vanishes for a moment.
An orc comes into view. It is wielding a +0 hand axe.
The orc shouts!
An orc priest comes into view. It is wielding a +0 flail.
The orc priest looks satisfied for a moment.
The orc wizard attacks as you move away!
The orc wizard closely misses you. The orc wizard casts a spell at you.
You are confused.
You slice the orc!!
You kill the orc!
The orc wizard points at you and mumbles some strange words.
You easily resist.
An orc comes into view. It is wielding a +0 dagger.
The orc shouts!
You hear an angry hiss.
A water moccasin comes into view.
You feel a little less mighty now.
The orc priest grunts noisily.
The orc priest invokes the aid of Beogh against you.
Beogh smites you!
* * * LOW HITPOINT WARNING * * *
The orc wizard hits you but does no damage.
An orc comes into view. It is wielding a +0 hand axe.
The orc priest completely misses you.
There is a sand-covered staircase here.
You feel less confused.
The orc priest mumbles some strange prayers to Beogh against you.
Pain shoots through your body!
* * * LOW HITPOINT WARNING * * *
The orc wizard hits you with a +0 dagger.
* * * LOW HITPOINT WARNING * * *
The orc hits you but does no damage. The water moccasin bites you.
You die...

#))).))...####............
#)#####################...
#.#,,,................†...
#.#,***#........#######...
#.#,* #.........<........
#.#.####........#########.
#.#,.o...............,***.
#.#**##.oo...........,+,,.
#.# #.S@o...........*,,.
#.# #...............*,,,
#.# #...............*,,,
#.# #.#+######......*,,,
#.# #.*,* *.....,*,,, #.#
#.*,* **###***,,,
#.#####,*,******** ****
#.....#,*,,,,,,,,*
#####.#,*,,>,,,,,*


You could see a water moccasin, an orc priest, an orc wizard (invisible) and 2
orcs.

Vanquished Creatures
  Grinder (D:4)
  A black bear (D:5)
  2 ice beasts
  2 ogres (D:5)
  2 kobold brigands (D:6)
  A phantom (D:6)
  2 bullfrogs (Sewer)
  A scorpion (D:5)
  A necrophage (D:6)
  A jelly (D:5)
  A hound (D:6)
  An orc priest (D:5)
  Terence (D:2)
  An iguana (D:5)
  4 orc wizards
  11 adders
  5 river rats (Sewer)
  A white imp (D:6)
  An ufetubus (D:6)
  A worm zombie (D:6)
  2 worms (D:4)
  A dart slug (D:2)
  13 orcs
  6 endoplasms
  5 giant cockroaches
  2 goblins
  5 hobgoblins
  2 jackals (D:2)
  15 kobolds
  4 quokkas
  14 ball pythons
  4 bats
  6 frilled lizards
  29 rats
149 creatures vanquished.

Notes
Turn   | Place    | Note
-------+----------+-------------------------------------------
     0 | D:1      | jimonade the Formicid Fighter began the quest for the Orb.
     0 | D:1      | Reached XP level 1. HP: 18/18 MP: 1/1
   397 | D:1      | Reached XP level 2. HP: 24/24 MP: 2/2
   967 | D:1      | Reached XP level 3. HP: 29/29 MP: 4/4
  1705 | D:2      | Noticed Terence
  1747 | D:2      | Killed Terence
  1748 | D:2      | Reached skill level 1 in Short Blades
  1748 | D:2      | Reached skill level 1 in Spellcasting
  1748 | D:2      | Reached XP level 4. HP: 27/37 MP: 5/5
  2295 | D:3      | Found a faded altar of an unknown god.
  2894 | D:4      | Found a glowing drain.
  2903 | Sewer    | Entered a sewer
  2960 | Sewer    | Reached XP level 5. HP: 31/42 MP: 7/7
  3503 | Sewer    | Reached XP level 6. HP: 29/49 MP: 8/8
  3813 | Sewer    | Reached skill level 1 in Dodging
  3813 | Sewer    | Reached skill level 5 in Shields
  4081 | D:4      | Reached XP level 7. HP: 55/55 MP: 10/10
  4217 | D:4      | Noticed Grinder
  4245 | D:4      | Killed Grinder
  4246 | D:4      | Reached skill level 5 in Fighting
  4515 | D:4      | Found a sacrificial altar of Ru.
  4708 | D:5      | Entered Level 5 of the Dungeon
  4805 | D:5      | Reached skill level 5 in Armour
  4875 | D:5      | Reached XP level 8. HP: 52/62 MP: 12/12
  6108 | D:6      | Reached skill level 5 in Short Blades
  6108 | D:6      | Reached XP level 9. HP: 35/69 MP: 15/15
  6263 | D:6      | Identified the +9 hand axe of the Ecumenical Temple
                  | {vorpal, Str+3}
  6306 | D:6      | Found a sand-covered staircase.
  6318 | D:6      | HP: 3/69 [orc priest/nerve-wracking pain (7)]
  6318 | D:6      | Slain by a water moccasin

Illustrated notes

Levels and vault maps discovered:
D:1:      dpeg_arrival_rooms_b, layout_loops_cross,
          chequers_serial_rivers_room_a
D:2:      layout_rooms, glass_columns_b, supply_closet_lemuel, uniq_terence
D:3:      layout_basic, basic_ecumenical_altar, minivault_26
D:4:      layout_cave_pools, mainiacjoe_overflow_six_doors_small,
          cheibrodos_sewer_entry_drain, uniq_grinder
D:5:      layout_basic
D:6:      layout_basic, kennysheep_mini, minmay_temple_entry_hall,
          enter_ossuary_3, uniq_duvessa, uniq_menkaure, uniq_edmund

Skill      XL: |  1  2  3  4  5  6  7  8 |
---------------+-------------------------+-----
Short Blades   | 1 2 3 5 |  5.3
Spellcasting   | 1 2 3 4 |  4.4
Armour         | 4 5 |  5.8
Fighting       | 4 5 6 |  6.2
Dodging        | 1 2 |  2.5
Shields        | 5 6 |  6.2
Long Blades    | |  2.1

Action                   |  1- 3 |  4- 6 |  7- 9 || total
-------------------------+-------+-------+-------++-------
Melee: Long sword        |    11 |       |       ||    11
       Dagger            |   114 |   217 |   307 ||   638
       Hand axe          |       |       |     1 ||     1
  Use: Scroll            |       |     2 |     1 ||     3
       Potion            |       |     1 |     1 ||     2
Armor: Scale mail        |    27 |       |       ||    27
       Chain mail        |    49 |    27 |       ||    76
       Ring mail         |       |   119 |    42 ||   161
       Plate armour      |       |       |    59 ||    59
Dodge: Dodged            |    36 |   104 |    93 ||   233
Block: Buckler           |    35 |    60 |    52 ||   147

Table legend: (Time is in decaauts)
 A = Elapsed time spent in this place.
 B = Non-inter-level travel time spent in this place.
 C = Inter-level travel time spent in this place.
 D = Time resting spent in this place.
 E = Time spent auto-exploring this place.
 F = Levels seen in this place.
 G = Mean time per level.
                   A        B        C        D        E       F      G
               +--------+--------+--------+--------+--------+-----+--------+
         Total |   6309 |   6214 |     95 |   1470 |   2814 |   7 |  901.3 |
       Dungeon |   5207 |   5112 |     95 |    868 |   2811 |   6 |  867.8 |
         Sewer |   1102 |   1102 |      0 |    602 |      3 |   1 | 1102.0 |
               +--------+--------+--------+--------+--------+-----+--------+

Top non-repeatable levels by time:
     D:1: 1263 daAuts
     D:5: 1154 daAuts
   Sewer: 1102 daAuts
     D:3: 940 daAuts
     D:4: 859 daAuts
     D:2: 639 daAuts
     D:6: 348 daAuts
